Map: Port Aleksander LE

Players

Stoldent - Winner!

  • Race: Terran Terran
  • Spawn Location: 11:00

Raeioku

  • Race: Zerg Zerg
  • League: Gold
  • Spawn Location: 5:00

VOD

Have the link to the VOD?

Description

Time

  • Played on: Nov. 22, 2018, 6:19 p.m.
  • Length: 5:12
Show
View Real Time Build Order
Export as new Build Order

Stoldent Terran - Winner!

Build Orders: Reaper Expand, Banshee Rush 

Get SALT Encoding   

  12  0:00  SCV  
  13  0:13  SCV  
  14  0:17  Supply Depot  
  14  0:25  SCV  
  15  0:39  SCV  
  15  0:41  Barracks  
  16  0:44  Refinery  
  16  0:51  SCV  
  17  1:03  SCV  
  18  1:15  SCV  
  19  1:30  Orbital Command  
  19  1:35  Reaper  
  20  1:41  Command Center  
  20  1:56  Supply Depot  
  20  1:57  SCV  
  21  2:07  Marine  
  22  2:09  Factory  
  22  2:12  SCV  
  23  2:21  Refinery  
  23  2:25  SCV  
  23  2:28  Barracks Reactor  
  24  2:37  SCV  
  25  2:49  SCV  
  26  2:53  Orbital Command  
  26  2:57  Starport  
  25  3:01  SCV  
  26  3:10  Hellion x2  
  30  3:13  SCV  
  30  3:17  Barracks Tech Lab  
  30  3:19  SCV  
  32  3:26  SCV  
  33  3:31  Hellion x2, SCV  
  38  3:38  SCV  
  39  3:42  Supply Depot  
  39  3:43  SCV  
  40  3:50  SCV  
  40  3:51  Cloaking Field  
  40  3:52  Viking  
  40  3:54  Hellion  
  40  3:55  SCV  
  46  4:04  Hellion, SCV  
  46  4:06  Supply Depot  
  46  4:07  SCV  
  50  4:15  Hellion  
  50  4:16  SCV  
  53  4:19  SCV  
  54  4:28  Hellion, SCV  
  57  4:32  SCV  
  57  4:35  Supply Depot  
  61  4:40  Command Center, SCV  
  62  4:56  SCV x2  
Show
View Real Time Build Order
Export as new Build Order

Raeioku Zerg 

Build Orders: Hatch First 

Get SALT Encoding   

  12  0:01  Drone  
  13  0:13  Overlord  
  13  0:18  Drone  
  14  0:32  Drone x2  
  16  0:38  Drone  
  17  0:50  Drone  
  18  1:02  Hatchery, Drone  
  18  1:05  Extractor  
  17  1:19  Drone x2  
  19  1:25  Spawning Pool  
  19  1:30  Drone  
  19  1:40  Overlord  
  19  2:05  Drone  
  20  2:12  Metabolic Boost  
  20  2:14  Queen  
  24  2:15  Zergling x6  
  24  2:18  Queen  
  26  3:01  Drone x5  
  26  3:05  Zergling x2  
  32  3:10  Queen  
  34  3:18  Drone x2  
  36  3:21  Lair  
  36  3:23  Hatchery  
  35  3:35  Drone  
  35  3:36  Overlord  
  35  3:37  Overlord  
  36  3:53  Overlord  
  36  3:55  Drone x3  
  39  3:56  Drone x2  
  39  4:06  Zergling x2  
  39  4:14  Evolution Chamber  
  39  4:16  Evolution Chamber  
  37  4:22  Roach Warren  
  36  4:24  Overlord  
  36  4:25  Overlord  
  36  4:32  Queen  
  36  4:33  Drone x3, Extractor  
  36  4:34  Drone x2  
  36  4:35  Overseer  
  42  4:48  Drone x3, Extractor  
Tags
 
Add a new tag
Caveats
  • Supply blocks, unpowered buildings, or Contaminate may cause inaccurate times.
  • Supply counts are checked every 10 seconds.